[Event "44th Chess Olympiad Open 2022"]
[Site "Chennai"]
[Date "2022.08.08"]
[Round "10.20"]
[White "Cheng, Bobby"]
[Black "Ashiku, Franc"]
[Result "1-0"]
[WhiteElo "2540"]
[BlackElo "2422"]
[Annotator "RC"]
[PlyCount "71"]
[EventDate "2022.??.??"]
[TimeControl "60"]

1. d4 Nf6 2. c4 g6 3. Nc3 Bg7 4. e4 d6 5. h3 O-O 6. Be3 c6 7. g4 a6 8. f4 b5 9. e5 Nfd7 10. h4 b4 11. Nce2 c5 12. Bg2 Ra7 13. h5 cxd4 14. Bxd4 Nc5 15. Ng3 Rd7 16. Bxc5 dxc5 17. Qe2 Qc7 18. Be4 Rfd8 19. Nf3 Bb7 20.
Bxb7 Qxb7 21. e6 Rd3 22. exf7+ Kxf7 23. hxg6+ hxg6 24. Ng5+ Ke8 25. Ne6 Bxb2 26. Nxd8 Bc3+ 27. Kf1 Rxd8 28. Rd1 Rxd1+ 29. Qxd1 Qc7 30. Qf3 Nc6 31. Kg2 Qd6 32. Ne4 Qe6 33. Nxc5 Qc8 34. f5 Bg7 35. Qd5 Ne5 36. Rh8+ 1-0

[Event "44th Chess Olympiad Open 2022"]
[Site "Chennai"]
[Date "2022.08.08"]
[Round "10.20"]
[White "Zhao, Zong-Yuan"]
[Black "Veleshnja, Zino"]
[Result "1-0"]
[WhiteElo "2513"]
[BlackElo "2263"]
[Annotator "RC"]
[PlyCount "71"]
[EventDate "2022.??.??"]
[TimeControl "60"]

1. c4 Nf6 2. Nc3 c5 3. Nf3 g6 4. d4 cxd4 5. Nxd4 Bg7 6. e4 Nc6 7. Nc2 d6 8. Be2 O-O 9. O-O Be6 10. Be3 Nd7 11. Qd2 Nc5 12. Bh6 a5 13.
Bxg7 Kxg7 14. f4 f5 15. exf5 Bxf5 16. Nd4 Ne6 17. Ndb5 Qb6+ 18. Kh1 h5 19. Na4 Qd8 20. Rad1 Nb4 21. b3 Qe8 22. Bf3 Bg4 23. a3 Na6 24. Bxg4 hxg4 25. Nb6 Rd8 26. Qc3+ Kh7 27. Qg3 Rf5 28. Qxg4 Qf7 29. Nd5 Kg7 30. Rde1 Re8 31. Re3 Nac5 32. Rfe1 Nxf4 33. Rxe7 Nxd5 34. Rxf7+ Rxf7 35. Qd4+ Re5 36.
Nxd6 1-0

[Event "44th Chess Olympiad Open 2022"]
[Site "Chennai"]
[Date "2022.08.08"]
[Round "10.20"]
[White "Pasko, Llambi"]
[Black "Smirnov, Anton"]
[Result "1/2-1/2"]
[WhiteElo "2418"]
[BlackElo "2600"]
[Annotator "RC"]
[PlyCount "88"]
[EventDate "2022.??.??"]
[TimeControl "60"]

1. d4 Nf6 2. c4 e6 3. Nf3 d5 4. Nc3 Nbd7 5. e3 a6 6. a3 dxc4 7. Bxc4 b5 8. Ba2 c5 9. O-O Bb7 10. Qe2 Bd6 11. Rd1 Qc7 12. h3 O-O 13.
dxc5 Bxc5 14. e4 b4 15. axb4 Bxb4 16. Bd2 Bxc3 17. Bxc3 Bxe4 18. Ng5 Bg6 19. Bc4 h6 20. Nf3 a5 21. Ne5 Nxe5 22. Bxe5 Qb7 23. Bxf6 gxf6 24. Bd3 Bxd3 25. Rxd3 Kh7 26. Qc2 f5 27. Rb3 Qd5 28. Rd1 Qe5 29. Rb7 Rab8 30. Rdd7 Rxb7 31. Rxb7 Kg7 32. Rb3 Rd8 33. Re3 Qf6 34. Qc7 a4 35. Kh2 h5 36. Rxe6 Qxe6 37. Qxd8 Qe5+ 38. Kh1 Qxb2 39. Qg5+ Kf8 40. Qd8+ Kg7 41. Qg5+ Kh8 42. Qxh5+ Kg8 43. Qg5+ Qg7 44. Qd8+ Qf8 1/2-1/2

[Event "44th Chess Olympiad Open 2022"]
[Site "Chennai"]
[Date "2022.08.08"]
[Round "10.20"]
[White "Mehmeti, Dritan"]
[Black "Tan, Justin"]
[Result "0-1"]
[WhiteElo "2371"]
[BlackElo "2508"]
[Annotator "RC"]
[PlyCount "72"]
[EventDate "2022.??.??"]
[TimeControl "60"]

1. e4 e5 2. Nf3 Nc6 3. Bc4 Bc5 4. O-O Nf6 5. d3 d6 6. c3 O-O 7. h3 h6 8. Re1 a5 9. Nbd2 Be6 10. Bb5 Qb8 11. Nf1 Qa7 12. Re2 a4 13.
Ng3 Qa5 14. Bxc6 bxc6 15. d4 Ba7 16. Be3 Rfe8 17. Qd2 Kh7 18.
a3 Rab8 19. dxe5 Bxe3 20. Qxe3 dxe5 21. Rd1 Qb6 22. Qc1 Qc5 23. Nh4 Rb5 24. Nhf5 Reb8 25. Ne3 g6 26. Kh2 Ne8 27. f3 Qe7 28. Rdd2 Nd6 29. Qd1 Bb3 30. Qe1 Qg5 31. Nh1 Be6 32. g3 Qh5 33. g4 Qg5 34. Qg3 Bc4 35. Nxc4 Nxc4 36. h4 Nxd2 0-1

[Event "44th Chess Olympiad Open 2022"]
[Site "Chennai"]
[Date "2022.08.08"]
[Round "10.21"]
[White "Perez Ponsa, Federico"]
[Black "Siddharth, Jagadeesh"]
[Result "1/2-1/2"]
[WhiteElo "2554"]
[BlackElo "2426"]
[Annotator "RC"]
[PlyCount "258"]
[EventDate "2022.??.??"]
[TimeControl "60"]

1. e4 e5 2. Nf3 Nf6 3. Nxe5 d6 4. Nf3 Nxe4 5. d4 d5 6. Bd3 Bd6 7. O-O O-O 8. c4 c6 9. Nc3 Nxc3 10. bxc3 dxc4 11. Bxc4 Bf5 12. Bg5 Qa5 13. Nh4 Be6 14. Bxe6 Qxg5 15. Nf3 Qa5 16. Bb3 Nd7 17. Qd3 Nf6 18. g3 Rae8 19. Rfe1 g6 20. Kg2 Kg7 21. h4 h6 22. Rad1 Qc7 23.
c4 b6 24. Bc2 Rd8 25. h5 Nxh5 26. Nh4 Qd7 27. Qf3 Nf6 28. Rh1 Qg4 29. Ba4 c5 30. Qxg4 Nxg4 31. d5 f5 32. Rhe1 Ne5 33. f4 Nxc4 34. Bb3 Na5 35. Re6 Rf6 36. Rxf6 Kxf6 37. Re1 c4 38. Ba4 Be7 39. Nxg6 Kxg6 40. Rxe7 Rxd5 41. Be8+ Kf6 42. Rf7+ Ke6 43.
Rxa7 Rc5 44. Ra6 c3 45. Rxb6+ Ke7 46. Ba4 c2 47. Bxc2 Rxc2+ 48. Kh3 Nc4 49. Rc6 Rc1 50. Kh2 Kd7 51. Rc5 Kd6 52. Rxf5 Ne3 53. Rh5 Ra1 54. a4 Rxa4 55. g4 Nxg4+ 56. Kg3 Ne3 57. Rxh6+ Kd5 58. Rh5+ Ke4 59. Re5+ Kd4 60. Kf3 Nc4 61. Re4+ Kd5 62. Re8 Nd6 63. Re5+ Kd4 64. Re1 Ra3+ 65. Kg4 Ne4 66. Kf5 Ra5+ 67. Ke6 Nc5+ 68. Kf6 Ra6+ 69. Kf5 Nd3 70. Re4+ Kd5 71. Re8 Rd6 72. Re3 Nc5 73. Re5+ Kd4 74. Re1 Rd8 75. Rd1+ Nd3 76. Ra1 Rf8+ 77. Ke6 Nc5+ 78. Kd6 Rf6+ 79. Ke7 Rxf4 80. Rd1+ Ke5 81. Re1+ Ne4 82. Kd7 Rf6 83. Kc7 Kd5 84. Rd1+ Ke5 85. Re1 Rf2 86. Kc6 Rc2+ 87. Kb6 Kd5 88. Rd1+ Nd2 89. Rh1 Nf3 90. Rh5+ Ne5 91. Rh1 Nd7+ 92. Kb5 Rb2+ 93. Ka4 Nc5+ 94. Ka3 Rb8 95. Rh5+ Kd4 96. Rh4+ Ne4 97. Ka4 Rb1 98. Rg4 Kd5 99. Rh4 Nd2 100. Rh5+ Kd4 101. Rh4+ Ne4 102. Rg4 Kd5 103. Rh4 Nc5+ 104. Ka3 Rb3+ 105. Ka2 Rb8 106. Ka3 Nd3 107. Ka4 Nb2+ 108. Ka3 Nd1 109. Rh5+ Kc4 110. Rh4+ Kd3 111.
Rh3+ Ne3 112. Ka4 Kc4 113. Rh4+ Kc5 114. Rh5+ Nd5 115. Ka3 Rb5 116. Rh4 Rb1 117. Rh5 Rd1 118. Kb3 Rd3+ 119. Kc2 Rg3 120. Rh8 Ne3+ 121. Kd3 Nd5+ 122. Kd2 Nf4 123. Rf8 Rd3+ 124.
Kc2 Rf3 125. Rc8+ Kd4 126. Rd8+ Nd5 127. Kd2 Re3 128. Rxd5+ Kxd5 129. Kxe3 Ke5 1/2-1/2

[Event "44th Chess Olympiad Open 2022"]
[Site "Chennai"]
[Date "2022.08.08"]
[Round "10.21"]
[White "Tin, Jingyao"]
[Black "Peralta, Fernando"]
[Result "1/2-1/2"]
[WhiteElo "2552"]
[BlackElo "2591"]
[Annotator "RC"]
[PlyCount "84"]
[EventDate "2022.??.??"]
[TimeControl "60"]

1. d4 Nf6 2. c4 e6 3. Nc3 Bb4 4. Qc2 O-O 5. a3 Bxc3+ 6. Qxc3 d6 7. Nf3 Nbd7 8. g3 b6 9. Bg2 Bb7 10. O-O a6 11. b3 b5 12. Bf4 bxc4 13.
bxc4 Be4 14. Bh3 Rb8 15. Nd2 Ba8 16. f3 Nh5 17. Be3 c5 18.
Nb3 cxd4 19. Bxd4 Nhf6 20. e4 Qc7 21. Rfc1 e5 22. Bf2 Bc6 23.
a4 Rfd8 24. a5 Rb7 25. Rab1 Rdb8 26. Nd2 Nc5 27. Rxb7 Rxb7 28. Rb1 Rxb1+ 29. Nxb1 Qb8 30. Nd2 h6 31. Qa3 Nfd7 32. Bxd7 Nxd7 33. Nf1 g6 34. Be3 Kg7 35. Qc1 h5 36. Qd2 Nc5 37. Bxc5 dxc5 38. Ne3 Qb1+ 39. Kf2 Qa1 40. h4 Qd4 41. Qxd4 exd4 42. Nd5 Bxd5 1/2-1/2

[Event "44th Chess Olympiad Open 2022"]
[Site "Chennai"]
[Date "2022.08.08"]
[Round "10.21"]
[White "Flores, Diego"]
[Black "Wong, Zhenyong Jayden"]
[Result "1-0"]
[WhiteElo "2528"]
[BlackElo "2163"]
[Annotator "RC"]
[PlyCount "59"]
[EventDate "2022.??.??"]
[TimeControl "60"]

1. c4 c5 2. Nc3 g6 3. g3 Bg7 4. Bg2 Nc6 5. a3 d6 6. Rb1 a5 7. Nf3 e5 8. O-O Nge7 9. d3 O-O 10. Bg5 f6 11. Be3 Be6 12. Ne1 Rb8 13. Nc2 Nd4 14. b4 b6 15. Bd2 Qd7 16. bxc5 bxc5 17. Nxd4 cxd4 18. Ne4 Rb5 19. Rb2 Rxb2 20. Qc1 Rb1 21. Qxb1 Qa4 22. Nxd6 Qxa3 23. Nb5 Qc5 24. Bxa5 Nc6 25. Bc7 Rc8 26. Bd6 Qb6 27. Nc7 Qxb1 28. Rxb1 Bd7 29. Nd5 Be8 30. Nb6 1-0

[Event "44th Chess Olympiad Open 2022"]
[Site "Chennai"]
[Date "2022.08.08"]
[Round "10.21"]
[White "Gong, Qianyun"]
[Black "Tristan, Leonardo"]
[Result "1-0"]
[WhiteElo "2275"]
[BlackElo "2558"]
[Annotator "RC"]
[PlyCount "123"]
[EventDate "2022.??.??"]
[TimeControl "60"]

1. e4 c5 2. Nf3 e6 3. Nc3 Nc6 4. g3 Nf6 5. Bg2 d5 6. exd5 exd5 7. d4 Bg4 8.
dxc5 Bxc5 9. O-O O-O 10. Bg5 Ne5 11. h3 Nxf3+ 12. Bxf3 Bxh3 13. Nxd5 Bxf1 14. Bxf6 gxf6 15. Qxf1 Qd6 16. Kg2 Kh8 17. Qd3 Rg8 18. Rh1 Rg6 19. Be4 Qe5 20. Bxg6 fxg6 21. Nf4 Rg8 22. Qxg6 Rg7 23. Qd3 Qe8 24. Rh5 Bb6 25. Rd5 Qc6 26. c4 Bc7 27. Nh5 Re7 28.
Qf3 Rf7 29. b3 a6 30. Qf5 Bb6 31. Nf4 Re7 32. Kf1 Bc7 33. Nh5 Re6 34. Qg4 Re7 35. Qc8+ Re8 36. Qd7 Qxd7 37. Rxd7 Be5 38. Rxb7 Rd8 39. Rb6 a5 40. Ra6 Bc3 41. Nxf6 Rd1+ 42. Kg2 Ra1 43. Nd5 Be1 44. Re6 Rd1 45. Re2 Kg7 46. a3 Kf7 47. b4 a4 48. Nb6 Bd2 49. Nxa4 Bc1 50.
Ra2 Rd3 51. Nc5 Rc3 52. Ne4 Rb3 53. b5 Bxa3 54. b6 Ke7 55.
c5 Kd7 56. Rd2+ Kc8 57. Rd6 Rb4 58. Rc6+ Kd7 59. Rc7+ Kd8 60. Nd6 Rb3 61. Rxh7 Bb2 62. c6 1-0

[Event "44th Chess Olympiad Open 2022"]
[Site "Chennai"]
[Date "2022.08.08"]
[Round "10.22"]
[White "Quesada Perez, Yasser"]
[Black "Ferreira, Jorge Viterbo"]
[Result "1/2-1/2"]
[WhiteElo "2568"]
[BlackElo "2499"]
[Annotator "RC"]
[PlyCount "73"]
[EventDate "2022.??.??"]
[TimeControl "60"]

1. d4 d5 2. Bf4 Nf6 3. e3 e6 4. Nf3 Bd6 5. c3 O-O 6. Bd3 b6 7. Qe2 Bxf4 8. exf4 a5 9. O-O Ba6 10. Bxa6 Nxa6 11. Ne5 Qc8 12. Nd2 Qb7 13. h4 c5 14. h5 cxd4 15. cxd4 Rfc8 16. Rac1 Rxc1 17. Rxc1 Rc8 18. Rc3 Rxc3 19. bxc3 Nc7 20. h6 gxh6 21. Qd3 Nce8 22. Qh3 Kg7 23. Nf1 Qe7 24. Ne3 Nd6 25. Qh4 Ng8 26. Qg4+ Kf8 27. f5 Nxf5 28. Nxf5 exf5 29. Qxf5 Nf6 30. Qf4 Kg7 31. f3 Qa3 32. Qd2 Qe7 33. Qb2 Nd7 34. Nxd7 Qe1+ 35. Kh2 Qh4+ 36. Kg1 Qe1+ 37. Kh2 1/2-1/2

[Event "44th Chess Olympiad Open 2022"]
[Site "Chennai"]
[Date "2022.08.08"]
[Round "10.22"]
[White "Ortiz Suarez, Isan Reynaldo"]
[Black "Veiga, Jose Francisco R P "]
[Result "1-0"]
[WhiteElo "2526"]
[BlackElo "2378"]
[Annotator "RC"]
[PlyCount "119"]
[EventDate "2022.??.??"]
[TimeControl "60"]

1. e4 e5 2. Nf3 Nc6 3. Bb5 a6 4. Ba4 Nf6 5. O-O Be7 6. Re1 b5 7. Bb3 d6 8. c3 O-O 9. h3 Nb8 10. d4 Nbd7 11. Nbd2 c5 12. Bc2 Re8 13. d5 c4 14. b3 cxb3 15. axb3 Qc7 16. Nb1 Bd8 17. Bd2 Qb8 18. Na3 Nb6 19. Bd3 Bd7 20. Nh2 Qb7 21. Nf1 g6 22. Ne3 Nh5 23. Bf1 Ng7 24. c4 b4 25. Bxb4 Nxc4 26. Nec2 Nxa3 27. Rxa3 a5 28. Qa1 Rc8 29. Bc3 f5 30. Ne3 fxe4 31. Bxa5 Be7 32. Bc3 Ra8 33. Ba6 Qb8 34. Bc4 Rxa3 35. Qxa3 Nf5 36. Bxe5 Nxe3 37. Rxe3 Bf8 38. Ba1 Qd8 39. Qb2 Qh4 40. Qd4 Re5 41. Qa7 Re7 42. Bd4 Rf7 43. Rg3 Qe7 44. Qa8 Bf5 45. b4 Qh4 46. Rc3 e3 47. Bxe3 Rc7 48.
Qa2 Bg7 49. Rc1 Be5 50. Bf1 Rxc1 51. Bxc1 Qxb4 52. Qa8+ Kg7 53. Qa7+ Kg8 54. Bh6 Qc3 55. Qe7 Qc8 56. Bb5 Qa8 57. f4 Be4 58. fxe5 Qa1+ 59. Bf1 Qd4+ 60. Kh1 1-0

[Event "44th Chess Olympiad Open 2022"]
[Site "Chennai"]
[Date "2022.08.08"]
[Round "10.22"]
[White "Sousa, Andre Ventura"]
[Black "Albornoz Cabrera, Carlos Daniel"]
[Result "0-1"]
[WhiteElo "2420"]
[BlackElo "2566"]
[Annotator "RC"]
[PlyCount "90"]
[EventDate "2022.??.??"]
[TimeControl "60"]

1. d4 Nf6 2. c4 e6 3. Nf3 d5 4. Nc3 c5 5. cxd5 Nxd5 6. e4 Nxc3 7. bxc3 cxd4 8.
cxd4 Bb4+ 9. Bd2 Bxd2+ 10. Qxd2 O-O 11. Bc4 Nd7 12. O-O b6 13. Rfe1 Bb7 14. Rad1 Rc8 15. Bd3 Nf6 16. h3 h6 17. Re3 Qc7 18. Bb1 b5 19. Ne5 Kh8 20. Qb2 a6 21. Rde1 Qa5 22. Kf1 Kg8 23. Rg3 Nh5 24. Rf3 Rc7 25. d5 exd5 26. Ng4 g6 27. exd5 Bxd5 28. Bxg6 fxg6 29. Rxf8+ Kxf8 30. Qh8+ Bg8 31. Qxh6+ Ng7 32. Qf4+ Nf5 33. Qe5 Qc3 34. Qe8+ Kg7 35. Rd1 Re7 36. Qd8 Bxa2 37. Kg1 Re1+ 38. Rxe1 Qxe1+ 39. Kh2 Qe7 40. Qa5 Qd6+ 41.
Kg1 Bf7 42. Qa1+ Qd4 43. Qa5 b4 44. Ne5 b3 45. Qc7 Nd6 0-1

[Event "44th Chess Olympiad Open 2022"]
[Site "Chennai"]
[Date "2022.08.08"]
[Round "10.22"]
[White "Santos, Jose Guilherme B Li"]
[Black "Almeida Quintana, Omar"]
[Result "1/2-1/2"]
[WhiteElo "2361"]
[BlackElo "2523"]
[Annotator "RC"]
[PlyCount "109"]
[EventDate "2022.??.??"]
[TimeControl "60"]

1. e4 d6 2. d4 Nf6 3. Nc3 e5 4. Nf3 Nbd7 5. g3 c6 6. Bg2 b5 7. a3 Bb7 8. O-O Be7 9. Re1 O-O 10. Nh4 g6 11. h3 Re8 12. Bh6 a5 13.
d5 cxd5 14. exd5 b4 15. axb4 axb4 16. Na2 Qb6 17. Qd2 b3 18. cxb3 Nc5 19. Qb4 Bd8 20. Be3 Qxb4 21. Nxb4 Ba5 22. Rxa5 Rxa5 23. Nc6 Bxc6 24. dxc6 Nxb3 25. Rd1 d5 26. Bg5 Kg7 27. Bxf6+ Kxf6 28. Bxd5 Nd4 29. Be4 Ra4 30. Kg2 Rc4 31. b3 Rc3 32. b4 Nxc6 33. b5 Nd4 34. b6 Rb3 35. b7 g5 36. Nf3 Nxf3 37. Bd5 Rb4 38.
Bc6 Nd4 39. Bxe8 Rxb7 40. Bc6 Rb4 41. Be4 h5 42. Ra1 h4 43.
Ra6+ Kg7 44. Ra7 hxg3 45. Bd5 gxf2 46. Rxf7+ Kg6 47. Rxf2 Nf5 48. Bf7+ Kf6 49. Bh5 Rf4 50. Ra2 e4 51. Ra5 e3 52. Bg4 Nh4+ 53. Kg3 Rd4 54. Ra6+ Ke5 55. Re6+ 1/2-1/2

[Event "44th Chess Olympiad Open 2022"]
[Site "Chennai"]
[Date "2022.08.08"]
[Round "10.23"]
[White "Dragnev, Valentin"]
[Black "Fluvia Poyatos, Jordi"]
[Result "1/2-1/2"]
[WhiteElo "2557"]
[BlackElo "2451"]
[Annotator "RC"]
[PlyCount "86"]
[EventDate "2022.??.??"]
[TimeControl "60"]

1. e4 c6 2. d4 d5 3. e5 c5 4. Nf3 cxd4 5. Qxd4 Nc6 6. Qf4 e6 7. Bd3 Nb4 8. Nc3 Bd7 9. O-O Nxd3 10. cxd3 Ne7 11. h4 Ng6 12. Qg3 h5 13. Ne2 Qb6 14. Be3 Qxb2 15.
Nfd4 Qa3 16. Nf4 Nxf4 17. Bxf4 g6 18. Rac1 Be7 19. Bg5 Bxg5 20. Qxg5 Qxd3 21. Rfd1 Qa3 22. Rc7 Qa4 23. Rd3 Rc8 24. Rxb7 O-O 25. Qh6 Rb8 26. Rbb3 Rxb3 27. axb3 Qb4 28. Nf3 Rc8 29. Rd4 Qf8 30. Qe3 Qc5 31. Kh2 Qc1 32. Rd2 Qc5 33. Qg5 Be8 34. Kg3 Rc7 35. Rd4 Qe7 36. Qe3 a5 37. Qd2 Qc5 38. Rd3 Qa3 39. Qe3 Qc5 40. Qg5 Qe7 41. Qd2 Qc5 42. Qg5 Qe7 43. Qd2 Qc5 1/2-1/2

[Event "44th Chess Olympiad Open 2022"]
[Site "Chennai"]
[Date "2022.08.08"]
[Round "10.23"]
[White "Henderson de La Fuente, Lance"]
[Black "Ragger, Markus"]
[Result "1/2-1/2"]
[WhiteElo "2490"]
[BlackElo "2647"]
[Annotator "RC"]
[PlyCount "80"]
[EventDate "2022.??.??"]
[TimeControl "60"]

1. e4 e5 2. Nf3 Nc6 3. Bb5 a6 4. Ba4 Nf6 5. Bxc6 dxc6 6. d3 Bd6 7. Nbd2 Be6 8. b3 Nd7 9. Nc4 Bxc4 10. dxc4 O-O 11. O-O Qe7 12. Qe2 Rfd8 13. g3 b5 14. a4 Rab8 15. axb5 axb5 16. Kg2 Nf8 17. Ra6 Qe8 18. Be3 Ne6 19. Ng5 Nxg5 20. Bxg5 Ra8 21. Rfa1 Rxa6 22. Rxa6 Ra8 23. Rxa8 Qxa8 24. f3 Qa6 25. Be3 bxc4 26. Qxc4 Qxc4 27. bxc4 f6 28. Kf2 Kf7 29. Ke2 Ke6 30. Kd3 c5 31. Kc3 Kd7 32. Kb3 Kc6 33.
Ka4 Kb6 34. g4 g5 35. h3 Be7 36. Bd2 Bd6 37. Bc3 Be7 38. Ba5+ Kc6 39. Bc3 Kb6 40. Ba5+ Kc6 1/2-1/2

[Event "44th Chess Olympiad Open 2022"]
[Site "Chennai"]
[Date "2022.08.08"]
[Round "10.23"]
[White "Horvath, Dominik"]
[Black "Ribera Veganzones, Serni"]
[Result "1-0"]
[WhiteElo "2488"]
[BlackElo "2203"]
[Annotator "RC"]
[PlyCount "123"]
[EventDate "2022.??.??"]
[TimeControl "60"]

1. e4 c5 2. c3 Nf6 3. e5 Nd5 4. Bc4 Nb6 5. Bb3 Nc6 6. d4 cxd4 7. cxd4 d5 8.
Bc2 e6 9. Nc3 Bd7 10. Nf3 Be7 11. h4 h6 12. h5 Rc8 13. Rh3 a6 14. Rg3 Bf8 15. Kf1 Na7 16. Bd3 Nc4 17. Ne2 Qb6 18. b3 Na5 19. Be3 Bb5 20.
Ne1 Bxd3 21. Nxd3 Nb5 22. Nc5 Qd8 23. a4 Na7 24. Nd3 Qh4 25.
Ndf4 N5c6 26. Rc1 Nb4 27. Bd2 Nbc6 28. Rc2 Qh1+ 29. Ng1 Qh4 30. Be3 Nb4 31. Rxc8+ Nxc8 32. Bc1 Nc6 33. Qd3 Qd8 34. Nge2 N8e7 35. Rf3 Qb6 36. Ba3 Nb4 37. Qd2 Nec6 38. Rg3 Rg8 39. Bxb4 Nxb4 40. Qc1 Nc6 41. Qc2 Rh8 42. Rg4 Ne7 43. Rg3 Kd7 44. Rf3 Ke8 45. Nd3 Nc6 46. Rg3 Rg8 47. Kg1 Be7 48. Rg4 Bf8 49. Kh2 Be7 50. Kh1 Bf8 51. Qc3 Be7 52. Qc2 Bf8 53. Kh2 Be7 54. Ne1 Bf8 55. Rg3 Rh8 56. f4 Kd7 57. Nf3 Ne7 58. Nh4 Nc6 59. f5 Nxd4 60. Nxd4 Qxd4 61. fxe6+ Kxe6 62. Qc8+ 1-0

[Event "44th Chess Olympiad Open 2022"]
[Site "Chennai"]
[Date "2022.08.08"]
[Round "10.23"]
[White "Ribera Veganzones, Josep Maria"]
[Black "Blohberger, Felix"]
[Result "0-1"]
[WhiteElo "2228"]
[BlackElo "2492"]
[Annotator "RC"]
[PlyCount "104"]
[EventDate "2022.??.??"]
[TimeControl "60"]

1. e4 c5 2. Nf3 e6 3. d4 cxd4 4. Nxd4 Nf6 5. Nc3 Nc6 6. Ndb5 d6 7. Bf4 e5 8. Bg5 a6 9. Na3 b5 10. Nd5 Be7 11. Bxf6 Bxf6 12. c3 Rb8 13. Nc2 Bg5 14. g3 O-O 15. h4 Bh6 16. Bg2 Ne7 17. Ncb4 Bb7 18.
O-O a5 19. Nxe7+ Qxe7 20. Nd5 Qe6 21. a4 Bxd5 22. exd5 Qd7 23. axb5 Rxb5 24. Qa4 Qb7 25. Rfb1 Rxb2 26. Rxb2 Qxb2 27. Qa3 Qxa3 28. Rxa3 Ra8 29. Bh3 Bc1 30. Ra4 Bb2 31. c4 Bd4 32. Bd7 h5 33. Kf1 g6 34. Ke2 f5 35. f3 Ra7 36. Be8 Kg7 37. Ra2 e4 38.
f4 Bc5 39. Bb5 Kf8 40. Ra1 Ke7 41. Ra2 Kd8 42. Ra1 Bb4 43. Ra2 Re7 44. Ke3 Kc7 45. Ra1 Kb6 46. Rb1 Kc5 47. Ra1 Rb7 48. Rc1 Rb8 49. Ra1 Bc3 50. Ra4 Rxb5 51. cxb5 Kxb5 52. Ra2 a4 0-1

[Event "44th Chess Olympiad Open 2022"]
[Site "Chennai"]
[Date "2022.08.08"]
[Round "10.24"]
[White "Bogner, Sebastian"]
[Black "O`Gorman, Tom"]
[Result "*"]
[WhiteElo "2545"]
[BlackElo "2401"]
[Annotator "RC"]
[PlyCount "95"]
[EventDate "2022.??.??"]
[TimeControl "60"]

1. d4 Nf6 2. c4 g6 3. Nc3 d5 4. cxd5 Nxd5 5. e4 Nxc3 6. bxc3 Bg7 7. Qa4+ Qd7 8. Qa3 b6 9. Nf3 c5 10. Bb2 O-O 11. Bd3 Nc6 12. d5 e6 13. c4 Bxb2 14. Qxb2 exd5 15. exd5 Qe8+ 16. Be2 Na5 17. O-O Bg4 18. Rfe1 Bxf3 19. Bxf3 Qd7 20. Qc3 Rfe8 21. h4 h5 22. d6 Rad8 23. Qf6 Qf5 24. Rxe8+ Rxe8 25. d7 Qxd7 26. Bd5 Kf8 27. Qh8+ Ke7 28. Re1+ Kd8 29. Qf6+ Kc7 30. Qf4+ Kc8 31. Rxe8+ Qxe8 32. Bxf7 Qe2 33. Bd5 Qe7 34. g3 Nb7 35. Bf7 Qd6 36. Qe4 Qd1+ 37. Kg2 Nd6 38. Qc6+ Kd8 39. Bd5 Nf5 40. Qa8+ Ke7 41. Qxa7+ Kf6 42. Qxb6+ Kg7 43. Qc7+ Kh6 44. Qf4+ Kg7 45. Be4 Qd4 46. Bxf5 Qxf4 47. gxf4 gxf5 48. a4 *

[Event "44th Chess Olympiad Open 2022"]
[Site "Chennai"]
[Date "2022.08.08"]
[Round "10.24"]
[White "Baenziger, Fabian"]
[Black "Heidenfeld, Mark"]
[Result "1-0"]
[WhiteElo "2451"]
[BlackElo "2355"]
[Annotator "RC"]
[PlyCount "67"]
[EventDate "2022.??.??"]
[TimeControl "60"]

1. d4 Nf6 2. c4 e6 3. Nf3 d5 4. g3 Bb4+ 5. Bd2 Bd6 6. Bg2 c6 7. Nc3 Nbd7 8. b3 O-O 9. O-O b6 10. e4 dxe4 11. Ng5 Bb7 12. Ngxe4 Be7 13. Qc2 Nxe4 14. Nxe4 c5 15. dxc5 bxc5 16. Rad1 Qc8 17. Be3 Nf6 18. Nd6 Bxd6 19. Bxb7 Qxb7 20. Rxd6 Rfc8 21. Rfd1 h6 22. Bf4 a5 23. a4 Rab8 24. R1d3 Qe4 25. f3 Qa8 26. Qd2 Qa7 27. Be5 Kh7 28. Qc2 Kg8 29. Qc3 Qe7 30. Qxa5 Rb4 31. Rd8+ Rxd8 32. Qxd8+ Qxd8 33.
Rxd8+ Kh7 34. Rb8 1-0

[Event "44th Chess Olympiad Open 2022"]
[Site "Chennai"]
[Date "2022.08.08"]
[Round "10.24"]
[White "Murphy, Conor E"]
[Black "Georgiadis, Nico"]
[Result "0-1"]
[WhiteElo "2404"]
[BlackElo "2578"]
[Annotator "RC"]
[PlyCount "70"]
[EventDate "2022.??.??"]
[TimeControl "60"]

1. e4 c5 2. Nf3 d6 3. d4 cxd4 4. Qxd4 Nc6 5. Bb5 a6 6. Bxc6+ bxc6 7. O-O e5 8. Qa4 Qc7 9. c4 Nf6 10. Nc3 Bg4 11. Nh4 Nd7 12. Be3 Be7 13. Nf5 Bxf5 14. exf5 O-O 15. Rad1 Rfd8 16. Rd3 h6 17. Ne4 Nf6 18. Nxf6+ Bxf6 19. Rb3 Rab8 20. Rxb8 Rxb8 21. Qxa6 Rxb2 22. a4 d5 23. cxd5 cxd5 24. Rc1 Rc2 25. Qf1 d4 26. Qd1 Rxc1 27. Bxc1 e4 28. Bd2 d3 29. a5 Bg5 30. Bxg5 hxg5 31. a6 Qc2 32. Qf1 d2 33. a7 Qa4 34. g3 Qxa7 35.
Qd1 Qd4 0-1

[Event "44th Chess Olympiad Open 2022"]
[Site "Chennai"]
[Date "2022.08.08"]
[Round "10.24"]
[White "Kanyamarala, Tarun"]
[Black "Kurmann, Oliver"]
[Result "1/2-1/2"]
[WhiteElo "2379"]
[BlackElo "2463"]
[Annotator "RC"]
[PlyCount "122"]
[EventDate "2022.??.??"]
[TimeControl "60"]

1. d4 Nf6 2. Nf3 e6 3. Bf4 d5 4. e3 Bd6 5. c3 O-O 6. Nbd2 b6 7. Ne5 c5 8. Qf3 Ba6 9. Bxa6 Nxa6 10. Bg5 Rc8 11. O-O Be7 12. Qe2 Nb8 13.
dxc5 bxc5 14. e4 Nc6 15. Nxc6 Rxc6 16. Rfe1 Nxe4 17. Bxe7 Qxe7 18. Nxe4 dxe4 19. Qxe4 Rd6 20. Rad1 Rfd8 21.
Rxd6 Qxd6 22. g3 g6 23. Qe5 Qd2 24. Re2 Qd1+ 25. Kg2 Rd5 26.
Qe3 h5 27. h4 Qb1 28. b3 Qd1 29. Qf3 a5 30. c4 Rd2 31. Re5 Qxf3+ 32. Kxf3 Rxa2 33. Rxc5 Ra3 34. Ke4 Rxb3 35. Rxa5 Rb2 36. f3 Re2+ 37. Kd4 Rd2+ 38. Ke5 Rd3 39. Ke4 Rd1 40. Ra8+ Kg7 41. Ra3 Kf6 42. Rd3 Rc1 43. Kd4 g5 44. hxg5+ Kxg5 45. c5 e5+ 46. Kd5 f5 47. Re3 h4 48. gxh4+ Kxh4 49. Rxe5 f4 50. c6 Kg3 51. Kd6 Kxf3 52. c7 Rxc7 53.
Kxc7 Kg2 54. Rg5+ Kh2 55. Rf5 Kg3 56. Kd6 f3 57. Ke5 f2 58.
Ke4 Kg2 59. Rg5+ Kh2 60. Rf5 Kg2 61. Rxf2+ Kxf2 1/2-1/2

[Event "44th Chess Olympiad Open 2022"]
[Site "Chennai"]
[Date "2022.08.08"]
[Round "10.25"]
[White "Adly, Ahmed"]
[Black "Risteski, Emil"]
[Result "1-0"]
[WhiteElo "2582"]
[BlackElo "2405"]
[Annotator "RC"]
[PlyCount "138"]
[EventDate "2022.??.??"]
[TimeControl "60"]

1. Nf3 Nf6 2. d4 g6 3. c4 Bg7 4. g3 O-O 5. Bg2 d6 6. O-O Nc6 7. Nc3 e5 8. dxe5 dxe5 9. Qa4 Bd7 10. Rd1 Qc8 11. Bg5 Re8 12. Bxf6 Bxf6 13. Nd5 Bd8 14. Qa3 Bg4 15. Qe3 Bxf3 16. exf3 Qe6 17. f4 Nd4 18. Qxe5 c5 19. b4 Nc6 20. Qb2 Nxb4 21. Rab1 Rb8 22. Nxb4 Bf6 23. Bd5 Bxb2 24. Bxe6 Rxe6 25. Rxb2 cxb4 26. Rxb4 b6 27. c5 Rc8 28. cxb6 axb6 29. Rd2 Ra8 30. Kf1 Kg7 31. Rb5 Rc6 32. Ke2 Ra6 33. Kd1 Kf6 34. h4 h5 35. Rdb2 Ke6 36. Rg5 Kf6 37. Rd2 Ra3 38. f5 Rac3 39. fxg6 fxg6 40. Rb5 Rc1+ 41. Ke2 Re6+ 42. Kf3 Rc3+ 43. Kg2 Ke7 44. Rbb2 Kf6 45. Rd7 Rcc6 46. Rb7 Rcd6 47. Rb3 Rc6 48. a3 Rcd6 49. Rb4 Rc6 50. a4 Rcd6 51. Kh2 Rc6 52. Kh3 Rcd6 53. Kg2 Rc6 54. Kf3 Rc3+ 55. Kf4 Rc5 56. g4 hxg4 57. R7xb6 Rf5+ 58. Kxg4 Rxf2 59. Rxe6+ Kxe6 60. Kg5 Ra2 61.
Kxg6 Rg2+ 62. Kh6 Kf6 63. a5 Ra2 64. Rb6+ Kf7 65. a6 Ra5 66.
h5 Ra1 67. Rb7+ Kf6 68. a7 Ra2 69. Kh7 Ra6 1-0

[Event "44th Chess Olympiad Open 2022"]
[Site "Chennai"]
[Date "2022.08.08"]
[Round "10.25"]
[White "Stanojoski, Zvonko"]
[Black "Amin, Bassem"]
[Result "0-1"]
[WhiteElo "2412"]
[BlackElo "2680"]
[Annotator "RC"]
[PlyCount "94"]
[EventDate "2022.??.??"]
[TimeControl "60"]

1. e4 e5 2. Nf3 Nc6 3. Bb5 Nge7 4. d4 exd4 5. O-O g6 6.
Nxd4 Bg7 7. Nxc6 bxc6 8. Ba4 O-O 9. c3 d6 10. Bg5 c5 11. Qd2 Rb8 12. Re1 Be6 13. e5 h6 14. exd6 cxd6 15. Bxh6 Bxh6 16. Qxh6 Rxb2 17. Bb3 c4 18. Qc1 Rxb1 19. Qxb1 cxb3 20. axb3 Qb6 21. b4 Rc8 22. Ra3 Rc7 23. Qa1 Bc4 24. Qc1 Kg7 25. h4 d5 26. Qf4 Rb7 27. h5 gxh5 28.
Qe5+ Qf6 29. Qxh5 Ng6 30. Re3 a6 31. Rh3 Re7 32. Ra1 Re2 33.
Qh6+ Kg8 34. Qh7+ Kf8 35. Rf3 Qg7 36. Qh3 Kg8 37. Qd7 Re7 38.
Qc8+ Qf8 39. Qf5 Re5 40. Qh3 Qe7 41. Qh6 Qh4 42. Qxh4 Nxh4 43. Rh3 Ng6 44. Rd1 Nf4 45. Rh4 Ne2+ 46. Kh2 Nxc3 47. Rdd4 Re4 0-1